 Dungeon Crawl Stone Soup version 0.31-a0-764-g8440623082 (webtiles) character file.

Game seed: 18321185053499475847

11 Descartes the Sneak (level 2, -1/16 HPs)
             Began as a Spriggan Delver on Sept 15, 2023.
             Slain by an iguana (12 damage)
             ... on level 4 of the Dungeon.
             The game lasted 00:01:20 (625 turns).

Descartes the Sneak (Spriggan Delver)                Turns: 625, Time: 00:01:21

Health: -1/16      AC:  2    Str:  8    XL:     2   Next: 13%
Magic:  3/3        EV: 22    Int: 11    God:
Gold:   42         SH:  0    Dex: 16    Spells: 1/1 levels left

rFire   . . .        a - +0 short sword
rCold   . . .        (no shield)
rNeg    . . .        b - +0 robe
rPois   .            (helmet restricted)
rElec   .            (no cloak)
rCorr   .            (gloves unavailable)
SInv    +            (boots unavailable)
Will    .....        (no amulet)
Stlth   ++++         h - +5 ring of evasion
HPRegen 0.22/turn    (no ring)
MPRegen 0.08/turn

%: no passive effects
@: very quick
A: very small, no large weapons, unfitting armour, see invisible, speed 3
a: no special abilities


You were on level 4 of the Dungeon.
You visited 1 branch of the dungeon, and saw 2 of its levels.

You collected 42 gold pieces.

Inventory:

Hand Weapons
 a - a +0 short sword (weapon)
Armour
 b - a +0 robe (worn)
Jewellery
 h - a +5 ring of evasion (left hand)
Wands
 g - a wand of digging (3)
Scrolls
 c - a scroll of fog
 d - a scroll of revelation
 e - a scroll of fear
Potions
 f - a potion of haste


   Skills:
 + Level 2.5 Fighting
 + Level 2.4 Short Blades
 + Level 3.0 Dodging
 + Level 7.4 Stealth


You had one spell level left.
You didn't know any spells.
Your spell library was empty.

Dungeon Overview and Level Annotations

Branches:
Dungeon (5/15)
 Temple: D:4-7

Altars:
Ashenzari

Annotations:
D:5 1 transporter


Innate Abilities, Weirdness & Mutations

You are very small and have problems with some larger weapons.
You are too small for most types of armour.
You have supernaturally acute eyesight. (SInv)
You cover ground extremely quickly. (Speed+++)


Message History

HP restored.
An endoplasm comes into view.
The endoplasm quivers.
Found a pair of boots.
Found a whip.
Found a stone staircase leading down.
An iguana comes into view.
Found a dark potion.
Found a stone staircase leading up.
The endoplasm freezes you.
You are frozen.
The iguana hisses angrily.
You hit the endoplasm.
The endoplasm is moderately wounded.
You hit the endoplasm but do no damage.
The endoplasm is moderately wounded.
The endoplasm misses you.
You barely miss the endoplasm.
The endoplasm is moderately wounded.
The endoplasm freezes you.
You are frozen.
You barely miss the endoplasm.
The endoplasm is moderately wounded.
The endoplasm closely misses you.
You hit the endoplasm but do no damage.
The endoplasm is moderately wounded.
The endoplasm misses you.
You hit the endoplasm but do no damage.
The endoplasm is moderately wounded.
The endoplasm freezes you.
You are frozen.
You hit the endoplasm but do no damage.
The endoplasm is moderately wounded.
The endoplasm closely misses you.
You hit the endoplasm but do no damage.
The endoplasm is moderately wounded.
The endoplasm barely misses you.
You hit the endoplasm.
The endoplasm is heavily wounded.
The endoplasm misses you. The iguana bites you!
Ouch! That really hurt!
You die...

##.# ####..#
######....###
............##
#######
#######.###..##
!...>.. #.# ##..#
....... #.# ##.#
.......
#.#####.###l....).
..........@J...[..
.######.###.......
# ...# .......
...### .......
#.## ......< #
##.#### .# ##


You could see an iguana and an endoplasm.

Vanquished Creatures
  An adder (D:5)
  An orc (D:5)
2 creatures vanquished.

Notes
Turn   | Place    | Note
-------+----------+-------------------------------------------
     0 | D:5      | Descartes the Spriggan Delver began the quest for the Orb.
     0 | D:5      | Reached XP level 1. HP: 11/11 MP: 2/2
    86 | D:5      | Noticed a phantom
   216 | D:5      | Reached XP level 2. HP: 7/16 MP: 3/3
   359 | D:5      | Found a transporter.
   396 | D:5      | Noticed a gnoll sergeant
   459 | D:5      | Found a broken altar of Ashenzari.
   553 | D:5      | Noticed a centaur
   625 | D:4      | Slain by an iguana

Illustrated notes

Levels and vault maps discovered:
D:4:      dreamdust_elfheim, layout_rooms, mainiacjoe_overflow_brackets,
          mainiacjoe_overflow_tiny_flanked, kennysheep_little_box,
          minmay_manual_mares
D:5:      gammafunk_wand_slinger, layout_basic, vehumet_altar_wand_db,
          kennysheep_mini, minmay_temple_entry_waves, kennysheep_cluttered_room

Skill      XL: |  1 |
---------------+----+-----
Dodging        | 3 |  3.0
Fighting       | |  2.5
Short Blades   | |  2.4
Stealth        | |  7.4

Action                     || total
---------------------------++-------
  Melee: Short sword       ||    49
 Armour: Robe              ||    12
  Dodge: Dodged            ||    42

Table legend: (Time is in decaauts)
 A = Elapsed time spent in this place.
 B = Non-inter-level travel time spent in this place.
 C = Inter-level travel time spent in this place.
 D = Time resting spent in this place.
 E = Time spent auto-exploring this place.
 F = Levels seen in this place.
 G = Mean time per level.
                   A        B        C        D        E       F      G
               +--------+--------+--------+--------+--------+-----+--------+
         Total |    440 |    431 |      9 |      0 |    282 |   2 |  220.0 |
       Dungeon |    440 |    431 |      9 |      0 |    282 |   2 |  220.0 |
               +--------+--------+--------+--------+--------+-----+--------+

Top non-repeatable levels by time:
     D:5: 383 daAuts
     D:4: 57 daAuts
